 Dungeon Crawl Stone Soup version 0.28-a0-895-g6e5f11bd55 (webtiles) character file.

Game seed: 7448480702273761946

6635 oldriver the Thaumaturge (level 11, -1/79 HPs)
             Began as a Djinni Air Elementalist on Nov 22, 2021.
             Was a Believer of Makhleb.
             Slain by a yak (6 damage)
             ... on level 9 of the Dungeon.
             The game lasted 00:21:09 (12505 turns).

oldriver the Thaumaturge (Djinni Air Elementalist) Turns: 12505, Time: 00:21:09

Health: -1/79      AC:  8    Str:  7    XL:     11   Next: 22%
Gold:   591        EV: 12    Int: 21    God:    Makhleb [**....] SH:  0 Dex: 13

rFire   + + .      SeeInvis .   r - +4 quarterstaff (protect)
rCold   x . .      Faith    .   (shield currently unavailable)
rNeg    . . .      Spirit   .   a - +0 robe
rPois   ∞          Reflect  .   (no helmet)
rElec   .          Harm     .   y - scarf {+Inv}
rCorr   .          Rampage  .   e - +1 pair of gloves
Will    +....                   (boots unavailable)
Stlth   ++........              (no amulet)
HPRegen 0.23/turn               i - +4 ring of protection
MPRegen 0.00/turn               A - ring of wizardry

@: flying
A: sickness immunity, fire resistance 2, cold vulnerability 1, float, innate
caster, hp casting, extra vitality 1
a: Renounce Religion, Evoke Invisibility, Minor Destruction


You were on level 9 of the Dungeon.
You worshipped Makhleb.
Makhleb was pleased with you.
You visited 1 branch of the dungeon, and saw 10 of its levels.

You collected 591 gold pieces.

Inventory:

Hand Weapons
 r - a +4 quarterstaff of protection (weapon)
Missiles
 F - a throwing net
Armour
 a - a +0 robe (worn)
 e - a +1 pair of gloves (worn)
 y - a scarf of invisibility (worn)
Jewellery
 i - a +4 ring of protection (left hand)
 A - a ring of wizardry (right hand)
Wands
 k - a wand of flame (22)
 p - a wand of mindburst (29)
 C - a wand of polymorph (5)
 E - a wand of iceblast (3)
 I - a wand of paralysis (3)
Scrolls
 c - 6 scrolls of teleportation {unknown}
 d - 3 scrolls of fog
 j - a scroll of enchant armour
 l - 3 scrolls of amnesia {unknown}
 n - 2 scrolls of magic mapping {unknown}
 u - 5 scrolls of identify
 w - 3 scrolls of noise {unknown}
 B - a scroll of fear
 G - a scroll of enchant weapon {unknown}
 J - a scroll of torment {unknown}
Potions
 b - a potion of mutation {unknown}
 f - 3 potions of degeneration {unknown}
 h - a potion of haste {unknown}
 m - 2 potions of magic {unknown}
 o - 2 potions of cancellation {unknown}
 q - a potion of attraction {unknown}
 s - 2 potions of lignification {unknown}
 v - 3 potions of curing {unknown}
 x - a potion of ambrosia {unknown}
 z - 3 potions of heal wounds {unknown}
 D - 2 potions of resistance {unknown}
 H - a potion of berserk rage {unknown}
 K - a potion of experience {unknown}


   Skills:
 * Level 7.4 Fighting
 + Level 0.6 Staves
 - Level 2.1 Dodging
 - Level 1.5 Stealth
 + Level 11.5 Spellcasting


You had 11 spell levels left.
You knew the following spells:

 Your Spells              Type           Power      Damage    Failure   Level
a - Shock                 Conj/Air       100%       1d9       1%          1
b - Static Discharge      Conj/Air       57%        N/A       1%          2
c - Swiftness             Air            57%        N/A       1%          3
d - Airstrike             Air            28%        N/A       1%          4
e - Foxfire               Conj/Fire      100%       2x1d9     1%          1
f - Call Imp              Summ           57%        N/A       1%          2
g - Searing Ray           Conj           100%       2d8       1%          2
h - Spider Form           Tmut/Pois      57%        N/A       1%          3
i - Dispel Undead         Necr           57%        3d20      1%          4
Your spell library was empty.

Dungeon Overview and Level Annotations

Branches:
Dungeon (10/15)            Temple (0/1) D:6
   Lair: D:8-11         Orc: D:9-12

Altars:
Ashenzari
Dithmenos
Hepliaklqana
Makhleb
Okawaru
Trog
Xom
Yredelemnul
The Shining One

Shops:
D:4 [   D:7 ?


Innate Abilities, Weirdness & Mutations

You are immune to sickness and miasma.
You are immune to poison.
Your flesh is very heat resistant. (rF++)
You are vulnerable to cold. (rC-)
You float through the air rather than walking.
You learn spells naturally, not from books.
Your magical power is your life essence.
You have superior vitality. (+4 HP)


Message History

Your +4 quarterstaff of chaos projects an invisible shield of force!
r - a +4 quarterstaff of protection (weapon)
The yak gores you!
* * * LOW HITPOINT WARNING * * *
As you read the scroll labelled QILOFRUNIM, it crumbles to dust.
It is a scroll of identify.
B - 2 scrolls of fear The yak closely misses you.
As you read the scroll of fear, it crumbles to dust.
You assume a fearsome visage.
The yak looks frightened!
Things that are here:
8 poisoned darts; a +0 short sword You start resting.
A yak is nearby!
There is an open door here.
Casting: Airstrike (safe; 1% risk of failure)
Confirm with . or Enter, or press ? or * to list all spells.
Aiming: Airstrike (safe; 1% risk of failure)
Press: ? - help, Dir - move target, f - yak
Aim: a yak (empty space bonus: 3/8)
The air twists around and strikes the yak!
The yak is moderately wounded.
* * * LOW HITPOINT WARNING * * *
Unknown command.
Casting: Airstrike (safe; 1% risk of failure)
Confirm with . or Enter, or press ? or * to list all spells.
Aiming: Searing Ray (safe; 1% risk of failure)
Press: ? - help, Shift-Dir - straight line, f/p - yak
Aim: a yak (moderately wounded, 90% to hit)
The searing ray hits the yak!
The yak is heavily wounded. (Press . to maintain the ray.)
* * * LOW HITPOINT WARNING * * *
The yak gores you!
* * * LOW HITPOINT WARNING * * *
The searing ray hits the yak!
The yak is severely wounded.
* * * LOW HITPOINT WARNING * * *
The yak gores you.
You die...

######### #######
#.......# #......
###.##### ####......
#..(@Y..# #.........
#.#.###.# #.#.#.#.#.
#.#...#.####.......).
#.#####.'....#.#.#.#.
#.#.....####.........
#.#.########(#.#.#.#.
#....................
#####..#####..#.#.#.#.
##.....### #..........


You could see a yak.

Vanquished Creatures
  A two-headed ogre (D:6)
  Pikel (D:8)
  Psyche (D:9)
  2 kobold demonologists (D:9)
  A wyvern (D:7)
  A yak (D:9)
  5 water moccasins
  An ice beast (D:5)
  2 orc warriors (D:9)
  A sky beast (D:5)
  4 ogres
  7 centaurs
  A kobold brigand (D:9)
  2 lemures (D:8)
  2 gnoll sergeants
  4 bullfrogs
  2 wyvern zombies
  A scorpion (D:6)
  2 wyvern skeletons (D:7)
  A water moccasin skeleton (D:7)
  4 killer bees (D:7)
  12 wights
  A bullfrog zombie (D:5)
  2 centaur zombies
  A hound (D:4)
  A jelly (D:5)
  5 orc priests
  Crazy Yiuf (D:3)
  A centaur skeleton (D:4)
  Jessica (D:2)
  5 iguanas
  8 orc wizards
  Natasha (twice) (D:2)
  A hound skeleton (D:4)
  A howler monkey zombie (D:9)
  5 adders
  11 gnolls
  A white imp (D:7)
  2 ufetubi
  An adder skeleton (D:4)
  A dart slug (D:4)
  23 orcs
  6 ball pythons
  11 endoplasms
  5 giant cockroaches
  6 goblins
  4 hobgoblins
  2 jackals (D:4)
  4 quokkas
  3 bats
  2 frilled lizards
  11 kobolds
  7 rats
193 creatures vanquished.

Vanquished Creatures (collateral kills)
  Sigmund (D:3)
  2 gnolls (D:9)
  A kobold (D:4)
  A quokka (D:4)
  A frilled lizard (D:3)
6 creatures vanquished.

Vanquished Creatures (others)
  76 foxfires
76 creatures vanquished.

Grand Total: 275 creatures vanquished

Notes
Turn   | Place    | Note
-------+----------+-------------------------------------------
     0 | D:1      | oldriver the Djinni Air Elementalist began the quest for
                  | the Orb.
     0 | D:1      | Reached XP level 1. HP: 15/15 MP: 0/0
   203 | D:1      | Reached XP level 2. HP: 20/22 MP: 0/0
   815 | D:1      | Reached skill level 3 in Spellcasting
   930 | D:1      | Reached XP level 3. HP: 24/26 MP: 0/0
   930 | D:1      | Learned a level 1 spell: Foxfire
  1101 | D:1      | Reached skill level 1 in Fighting
  1298 | D:2      | Noticed Jessica
  1310 | D:2      | Killed Jessica
  1311 | D:2      | Reached XP level 4. HP: 16/32 MP: 0/0
  1678 | D:2      | Noticed Natasha
  1683 | D:2      | Killed Natasha
  2056 | D:2      | Reached XP level 5. HP: 32/38 MP: 0/0
  2056 | D:2      | Learned a level 2 spell: Call Imp
  2122 | D:2      | Noticed Natasha
  2128 | D:2      | Killed Natasha
  2129 | D:2      | Reached skill level 4 in Spellcasting
  2495 | D:3      | Found a broken altar of Ashenzari.
  2499 | D:3      | Noticed Sigmund
  2513 | D:3      | Killed Sigmund
  2514 | D:3      | Reached XP level 6. HP: 27/45 MP: 0/0
  2679 | D:3      | Found a faded altar of an unknown god.
  2728 | D:3      | Found an iron altar of Okawaru.
  2998 | D:3      | Found a runed translucent door.
  2999 | D:3      | Noticed Crazy Yiuf
  3386 | D:3      | Killed Crazy Yiuf
  3387 | D:3      | Reached skill level 5 in Spellcasting
  3525 | D:4      | Reached XP level 7. HP: 30/49 MP: 0/0
  3525 | D:4      | Learned a level 2 spell: Searing Ray
  3994 | D:4      | Found a shadowy altar of Dithmenos.
  4455 | D:4      | Found Icaxia's Armour Shop.
  4530 | D:4      | Reached skill level 6 in Spellcasting
  4668 | D:4      | Reached XP level 8. HP: 52/56 MP: 0/0
  4816 | D:5      | Entered Level 5 of the Dungeon
  5040 | D:5      | Reached skill level 7 in Spellcasting
  5838 | D:5      | Reached XP level 9. HP: 48/63 MP: 0/0
  5838 | D:5      | Learned a level 3 spell: Spider Form
  6401 | D:6      | Reached skill level 8 in Spellcasting
  6463 | D:6      | Noticed a two-headed ogre
  6467 | D:6      | Killed a two-headed ogre
  6468 | D:6      | Reached skill level 5 in Fighting
  6644 | D:6      | Found a burning altar of Makhleb.
  6652 | D:6      | Became a worshipper of Makhleb the Destroyer
  6669 | D:6      | Found a glowing golden altar of the Shining One.
  7080 | D:6      | Found a staircase to the Ecumenical Temple.
  7136 | D:6      | Reached skill level 9 in Spellcasting
  7587 | D:7      | Found Suskorch's Magic Scroll Emporium.
  7609 | D:7      | Reached XP level 10. HP: 59/72 MP: 0/0
  7890 | D:7      | Reached * piety under Makhleb
  7936 | D:7      | Found a basalt altar of Yredelemnul.
  8739 | D:8      | Reached skill level 10 in Spellcasting
  9642 | D:8      | Found a bloodstained altar of Trog.
  9987 | D:8      | Noticed Pikel
 10005 | D:8      | Killed Pikel
 10515 | D:8      | Found a shimmering altar of Xom.
 10801 | D:9      | Noticed Psyche
 10804 | D:9      | Killed Psyche
 11081 | D:9      | Reached ** piety under Makhleb
 11268 | D:9      | Noticed a kobold demonologist
 11269 | D:9      | Noticed a kobold demonologist
 11282 | D:9      | Killed a kobold demonologist
 11283 | D:9      | Reached skill level 11 in Spellcasting
 11283 | D:9      | Reached XP level 11. HP: 53/79 MP: 0/0
 11283 | D:9      | Learned a level 4 spell: Dispel Undead
 12009 | D:9      | Found a faded altar of an unknown god.
 12009 | D:9      | Found a faded altar of an unknown god.
 12009 | D:9      | Found a hazy altar of Hepliaklqana.
 12011 | D:9      | Found a faded altar of an unknown god.
 12163 | D:10     | Entered Level 10 of the Dungeon
 12505 | D:9      | Slain by a yak

Illustrated notes

Levels and vault maps discovered:
D:1:      roderic_chinese_lattice_arrival, layout_rooms
D:2:      layout_loops_ring, st_stairs_3, kennysheep_potato, uniq_jessica,
          uniq_natasha
D:3:      layout_basic, mainiacjoe_overflow_alcove_4, ashenzari_altar_1,
          chequers_ecumenical_altar_simple_redux, uniq_sigmund,
          uniq_crazy_yiuf_cottage
D:4:      layout_loops_ring, nicolae_dithmenos_through_a_glass_darkly,
          serial_shops, nicolae_take_the_stairs,
          minmay_fractal_squares_diagonal_5
D:5:      layout_loops_cross
D:6:      layout_gridville, amcnicky_altar_gilded, kennysheep_little_box,
          minmay_temple_entry_waves
D:7:      layout_cave_pools, mainiacjoe_overflow_tiny_flanked,
          nicolae_stop_n_shop_1
D:8:      layout_layer_cave, nicolae_overflow_crystal_walls,
          lightli_temple_of_fire, grunt_ministairs_2, uniq_pikel
D:9:      layout_roguey, nicolae_hepliaklqana_ecumenical_no_more, serial_glass,
          glass_columns_c, glass_columns_a, glass_columns_b, glass_columns_c,
          glass_columns_a, glass_columns_b, glass_columns_a, glass_columns_a,
          uniq_psyche
D:10:     layout_irregular_city, fedhas_altar_1, overflow_temple_1_default,
          mainiacjoe_overflow_surrounded_room, lemuel_crystal_altar,
          st_stairs_13, minmay_ruffians

Skill      XL: |  1  2  3  4  5  6  7  8  9 10 |
---------------+-------------------------------+-----
Spellcasting   | 3 4 5 6 7 9 11 | 11.5
Fighting       | 1 2 3 4 5 7 |  7.4
Staves         | |  0.6
Dodging        | |  2.1
Stealth        | |  1.5

Action                   |  1- 3 |  4- 6 |  7- 9 | 10-12 || total
-------------------------+-------+-------+-------+-------++-------
Melee: Quarterstaff      |       |       |     1 |       ||     1
 Cast: Shock             |    52 |    56 |    42 |       ||   150
       Foxfire           |     5 |    25 |    23 |     9 ||    62
       Call Imp          |       |    10 |     6 |     5 ||    21
       Searing Ray       |       |       |    31 |    15 ||    46
       Airstrike         |       |       |    42 |   119 ||   161
  Use: Scroll            |       |       |       |     6 ||     6
Armor: Robe              |       |     7 |     8 |    10 ||    25
Dodge: Dodged            |     8 |    14 |    20 |    16 ||    58

Table legend: (Time is in decaauts)
 A = Elapsed time spent in this place.
 B = Non-inter-level travel time spent in this place.
 C = Inter-level travel time spent in this place.
 D = Time resting spent in this place.
 E = Time spent auto-exploring this place.
 F = Levels seen in this place.
 G = Mean time per level.
                   A        B        C        D        E       F      G
               +--------+--------+--------+--------+--------+-----+--------+
         Total |  12503 |  12186 |    317 |   3564 |   7392 |  10 | 1250.3 |
       Dungeon |  12503 |  12186 |    317 |   3564 |   7392 |  10 | 1250.3 |
               +--------+--------+--------+--------+--------+-----+--------+

Top non-repeatable levels by time:
     D:8: 2225 daAuts
     D:9: 1664 daAuts
     D:4: 1434 daAuts
     D:5: 1408 daAuts
     D:2: 1247 daAuts
     D:6: 1207 daAuts
     D:1: 1132 daAuts
     D:3: 1119 daAuts
     D:7: 1017 daAuts
    D:10: 46 daAuts
